Capitals vs Lightning
(R1)
Created - February 2, 2020 at 23:06
Goals
|
Capitals |
2 |
0 |
0 |
2 |
Lightning |
0 |
1 |
0 |
1 |
|
Shots
|
Capitals |
10 |
8 |
7 |
25 |
Lightning |
11 |
9 |
3 |
23 |
|
1st period
1. Capitals , Blake Wheeler 7 (Jeff Skinner 7, Nick Leddy 7) at 10:07
2. Capitals , Jeff Skinner 4 (Justin Faulk 8) at 16:55
Penalties :
Tyler Cuma (TB.) for Cross-checking (Minor) at 0:59, James Wright (TB.) for Hooking (Minor) at 3:51, Ondrej Palat (Was) for Roughing (Minor) at 4:34, Tyler Cuma (TB.) for Goalie Interference (Minor) at 12:29, Justin Faulk (Was) for Interference (Minor) at 18:24
2nd period
3. Lightning , Teuvo Teravainen 9 (Tyler Toffoli 20, Gilbert Brule 15) at 10:36 (PP)
Penalties :
Cameron Schilling (TB.) for Roughing (Minor) at 2:39, Nick Leddy (Was) for Holding (Minor) at 5:03, Joe Thornton (Was) for Roughing (Minor) at 10:03, Joe Thornton (Was) for High sticking (Minor) at 10:44, Brent Seabrook (Was) for Charging (Minor) at 19:30
3rd period
No Goal
Penalties :
Daniel Carcillo (TB.) for Tripping (Minor) at 5:19, Patrick Kaleta (TB.) for Tripping (Minor) at 12:18
Goalie Stats
Tuukka Rask (Was), 22 saves from 23 shots - (0.957), W, 10-10-3, 60:00 minutes
Jaroslav Halak (TB.), 23 saves from 25 shots - (0.920), L, 17-16-1, 59:42 minutes
Players Stats for Capitals
Player Name G A P +/- PIM S H SB GA TA FO MP PP MP PK MP
------------------------------------------------------------------------------------
Blake Wheeler 1 0 1 2 0 2 0 0 0 0 0/0 13:16 0:14 0:00
Brent Burns 0 0 0 0 0 3 2 1 0 0 0/0 27:08 5:40 5:47
Brent Seabrook 0 0 0 0 2 1 1 0 0 0 0/0 25:24 5:40 4:41
Brian McGrattan 0 0 0 0 0 0 1 0 0 0 0/0 4:14 0:14 0:00
Eric Fehr 0 0 0 0 0 0 0 0 0 0 0/0 1:59 0:14 0:00
Jason Pominville 0 0 0 0 0 3 0 0 3 0 1/1 23:25 5:40 5:34
Jeff Skinner 1 1 2 2 0 1 1 1 0 0 0/1 12:31 0:00 0:00
Joe Pavelski 0 0 0 0 0 1 2 0 0 0 1/2 18:12 4:44 2:28
Joe Thornton 0 0 0 0 4 5 0 1 0 0 17/31 23:51 5:40 4:07
Josh Manson 0 0 0 1 0 0 1 0 0 0 0/0 12:14 0:20 1:49
Justin Faulk 0 1 1 1 2 2 1 1 1 0 0/0 22:47 4:38 2:42
Mikko Koivu 0 0 0 2 0 0 2 0 2 1 0/4 14:42 0:00 1:50
Nick Leddy 0 1 1 1 2 0 0 0 0 1 0/0 10:01 0:20 0:00
Ondrej Palat 0 0 0 0 2 1 0 1 1 0 0/0 15:41 4:43 1:07
Ryan Getzlaf 0 0 0 0 0 3 2 0 0 0 3/9 14:28 4:44 0:00
Ryan Nugent-Hopkins 0 0 0 0 0 0 0 0 0 0 4/6 6:32 0:00 0:50
Ryan Suter 0 0 0 1 0 1 0 1 0 0 0/0 23:16 4:38 3:25
Thomas Vanek 0 0 0 0 0 2 1 0 1 0 0/0 19:45 5:40 2:28
Players Stats for Lightning
Player Name G A P +/- PIM S H SB GA TA FO MP PP MP PK MP
------------------------------------------------------------------------------------
Andy Rogers 0 0 0 -1 0 1 1 1 0 0 0/0 15:21 0:00 4:11
Cameron Schilling 0 0 0 -1 2 0 0 0 0 0 0/0 13:30 0:00 2:34
Daniel Carcillo 0 0 0 0 2 2 3 0 0 0 0/1 15:33 0:00 4:12
Dany Heatley 0 0 0 0 0 0 1 0 0 1 0/1 8:42 0:00 2:45
Gilbert Brule 0 1 1 0 0 5 2 0 0 1 6/10 16:00 4:02 1:02
Henrik Zetterberg 0 0 0 -1 0 2 0 1 0 0 0/0 17:56 5:10 0:35
Jack Skille 0 0 0 0 0 0 1 0 0 0 0/0 5:57 0:00 0:00
James Wright 0 0 0 -1 2 2 3 0 0 0 0/3 13:20 0:05 3:10
Jon Merrill 0 0 0 0 0 1 1 2 0 2 0/0 26:24 5:39 6:28
Justin Schultz 0 0 0 -1 0 1 2 2 0 0 0/0 24:15 3:33 5:26
Mikael Backlund 0 0 0 0 0 0 1 0 0 0 1/1 5:57 0:00 0:00
Nikita Kucherov 0 0 0 -1 0 3 1 2 0 0 1/2 17:32 5:05 0:00
Patrick Kaleta 0 0 0 -1 2 0 0 0 0 1 0/0 13:39 0:00 3:21
Rasmus Ristolainen 0 0 0 0 0 2 2 0 0 0 0/0 19:33 5:39 0:00
Teuvo Teravainen 1 0 1 -1 0 1 3 0 0 0 0/0 13:38 4:02 0:00
Tyler Cuma 0 0 0 -1 4 1 1 1 0 2 0/0 21:21 3:33 2:37
Tyler Johnson 0 0 0 -1 0 2 1 1 2 0 20/35 23:45 5:05 6:11
Tyler Toffoli 0 1 1 0 0 0 1 0 0 1 0/1 15:37 4:07 0:00
3 Stars
1 - Jeff Skinner (Was)
2 - Blake Wheeler (Was)
3 - Tuukka Rask (Was)
Power Play
Capitals - 0 on 6 Attempt(s) - 0.00%
Lightning - 1 on 6 Attempt(s) - 16.67%
Penalty Kill
Capitals - 5 on 6 Attempt(s) - 83.33%
- Score 0 goal in Penalty Kill
Lightning - 6 on 6 Attempt(s) - 100.00%
- Score 0 goal in Penalty Kill
Team Stat
Capitals - Hits : 14 - Faceoff Wins : 26 - Blocked Shots : 6 - Penalty Minutes : 12
Lightning - Hits : 24 - Faceoff Wins : 28 - Blocked Shots : 10 - Penalty Minutes : 12
Official
Referees : Unknown
Linesman : Unknown
Game Notes
No Game Note
Finance
Level 1 -- Attendance: 4532 (75.53%) -- Ticket Income $521,180
Level 2 -- Attendance: 4993 (99.86%) -- Ticket Income $319,552
Level 3 -- Attendance: 1612 (80.60%) -- Ticket Income $70,928
Level 4 -- Attendance: 2418 (60.45%) -- Ticket Income $96,720
Luxury Box -- Attendance: 671 (67.10%) -- Ticket Income $144,265
Game was played at the Tampa Bay Stadium.
Total Attendance: 14226 (79.03%)
Total Ticket Income: $1,152,645
Other Income: $172,897
Total Income: $1,325,542
Capitals
5 vs 5 Forward
Center Left Wing Right Wing Time % Phy DF OF
1 Joe Thornton Thomas Vanek Jason Pominville 40 1 2 2
2 Ryan Getzlaf Ondrej Palat Joe Pavelski 30 1 2 2
3 Mikko Koivu Jeff Skinner Blake Wheeler 20 1 2 2
4 Ryan Nugent-Hopkins Joe Thornton Brian McGrattan 10 1 2 2
5 vs 5 Defense
Defense Defense Time % Phy DF OF
1 Brent Seabrook Brent Burns 40 1 2 2
2 Ryan Suter Justin Faulk 30 1 2 2
3 Nick Leddy Josh Manson 20 1 2 2
4 Brent Seabrook Brent Burns 10 1 2 2
PowerPlay Forward
Center Left Wing Right Wing Time % Phy DF OF
1 Joe Thornton Thomas Vanek Jason Pominville 60 1 2 2
2 Ryan Getzlaf Ondrej Palat Joe Pavelski 40 1 2 2
PowerPlay Defense
Defense Defense Time % Phy DF OF
1 Brent Seabrook Brent Burns 60 1 2 2
2 Ryan Suter Justin Faulk 40 1 2 2
Penalty Kill 4 Players Forward
Center Wing Time % Phy DF OF
1 Joe Thornton Jason Pominville 60 1 2 2
2 Joe Pavelski Thomas Vanek 40 1 2 2
Penalty Kill 4 Players Defense
Defense Defense Time % Phy DF OF
1 Brent Seabrook Brent Burns 60 1 2 2
2 Ryan Suter Justin Faulk 40 1 2 2
Penalty Kill - 3 Players Forward
Forward Time % Phy DF OF
1 Joe Thornton 60 1 2 2
2 Jason Pominville 40 1 2 2
Penalty Kill - 3 Players Defense
Defense Defense Time % Phy DF OF
1 Brent Seabrook Brent Burns 60 1 2 2
2 Ryan Suter Justin Faulk 40 1 2 2
4 vs 4 Forward
Center Wing Time % Phy DF OF
1 Joe Thornton Jason Pominville 60 1 2 2
2 Joe Pavelski Thomas Vanek 40 1 2 2
4 vs 4 Defense
Defense Defense Time % Phy DF OF
1 Brent Seabrook Brent Burns 60 1 2 2
2 Ryan Suter Justin Faulk 40 1 2 2
Last Minutes Offensive
Center Left Wing Right Wing Defense Defense
Joe Thornton Thomas Vanek Jason Pominville Brent Seabrook Brent Burns
Last Minutes Defensive
Center Left Wing Right Wing Defense Defense
Joe Thornton Thomas Vanek Jason Pominville Brent Seabrook Brent Burns
Goaltenders
Starting : Tuukka Rask
Backup : Mike Smith
Extra Forwards
Normal : Eric Fehr, Blake Wheeler, Mikko Koivu - PP : Eric Fehr, Blake Wheeler - PK : Mikko Koivu
Extra Defensemen
Normal : Nick Leddy, Josh Manson, Ryan Suter - PP : Nick Leddy - PK : Josh Manson, Ryan Suter
Penalty Shots
Joe Thornton, Jason Pominville, Joe Pavelski, Thomas Vanek, Blake Wheeler
Scratches
Patrick Sharp (Left Leg Injury)
Lightning
5 vs 5 Forward
Center Left Wing Right Wing Time % Phy DF OF
1 Tyler Johnson Henrik Zetterberg Nikita Kucherov 35 1 2 2
2 Gilbert Brule Daniel Carcillo Tyler Toffoli 30 1 2 2
3 James Wright Teuvo Teravainen Patrick Kaleta 30 1 2 2
4 Mikael Backlund Dany Heatley Jack Skille 5 1 2 2
5 vs 5 Defense
Defense Defense Time % Phy DF OF
1 Jon Merrill Rasmus Ristolainen 35 0 2 3
2 Justin Schultz Tyler Cuma 35 1 2 2
3 Andy Rogers Cameron Schilling 20 1 2 2
4 Jon Merrill Rasmus Ristolainen 10 1 2 2
PowerPlay Forward
Center Left Wing Right Wing Time % Phy DF OF
1 Tyler Johnson Henrik Zetterberg Nikita Kucherov 60 1 2 2
2 Gilbert Brule Teuvo Teravainen Tyler Toffoli 40 1 2 2
PowerPlay Defense
Defense Defense Time % Phy DF OF
1 Jon Merrill Rasmus Ristolainen 60 1 2 2
2 Justin Schultz Tyler Cuma 40 1 2 2
Penalty Kill 4 Players Forward
Center Wing Time % Phy DF OF
1 Tyler Johnson Daniel Carcillo 60 1 2 2
2 James Wright Patrick Kaleta 40 1 2 2
Penalty Kill 4 Players Defense
Defense Defense Time % Phy DF OF
1 Justin Schultz Jon Merrill 60 1 2 2
2 Andy Rogers Tyler Cuma 40 1 2 2
Penalty Kill - 3 Players Forward
Forward Time % Phy DF OF
1 Tyler Johnson 60 1 2 2
2 James Wright 40 1 2 2
Penalty Kill - 3 Players Defense
Defense Defense Time % Phy DF OF
1 Justin Schultz Tyler Cuma 60 1 2 2
2 Andy Rogers Jon Merrill 40 1 2 2
4 vs 4 Forward
Center Wing Time % Phy DF OF
1 Tyler Johnson Nikita Kucherov 60 1 2 2
2 Henrik Zetterberg Tyler Toffoli 40 1 2 2
4 vs 4 Defense
Defense Defense Time % Phy DF OF
1 Jon Merrill Rasmus Ristolainen 60 1 2 2
2 Justin Schultz Tyler Cuma 40 1 2 2
Last Minutes Offensive
Center Left Wing Right Wing Defense Defense
Tyler Johnson Henrik Zetterberg Nikita Kucherov Justin Schultz Rasmus Ristolainen
Last Minutes Defensive
Center Left Wing Right Wing Defense Defense
Tyler Johnson Daniel Carcillo Patrick Kaleta Andy Rogers Jon Merrill
Goaltenders
Starting : Jaroslav Halak
Backup : Jhonas Enroth
Extra Forwards
Normal : Tyler Toffoli, Nikita Kucherov, Henrik Zetterberg - PP : Tyler Toffoli, Nikita Kucherov - PK : Patrick Kaleta
Extra Defensemen
Normal : Tyler Cuma, Cameron Schilling, Justin Schultz - PP : Rasmus Ristolainen - PK : Cameron Schilling, Jon Merrill
Penalty Shots
Henrik Zetterberg, Tyler Johnson, Gilbert Brule, Daniel Carcillo, Dany Heatley
Scratches
Paul Ranger (Healthy), Pierre-Luc Létourneau (Healthy), Theo Peckham (Healthy)
% Time on Ice - Capitals
Lines # - Real PCT - Wanted PCT - Time Play
Normal Forward
1 - 27% - 40% - 10:20
2 - 31% - 30% - 11:49
3 - 32% - 20% - 11:58
4 - 9% - 10% - 3:32
Normal Defense
1 - 37% - 40% - 13:56
2 - 38% - 30% - 14:27
3 - 25% - 20% - 9:16
4 - 0% - 10% - 0:00
PP Forward
1 - 55% - 60% - 5:54
2 - 45% - 40% - 4:44
PP Defense
1 - 56% - 60% - 6:00
2 - 44% - 40% - 4:38
PK Forward
1 - 73% - 60% - 6:44
2 - 27% - 40% - 2:28
PK Defense
1 - 63% - 60% - 5:47
2 - 37% - 40% - 3:25
PK3 Forward
1 - 0% - 60%
2 - 0% - 40%
PK3 Defense
1 - 0% - 60%
2 - 0% - 40%
44 Forward
1 - 59% - 60% - 0:45
2 - 41% - 40% - 0:31
44 Defense
1 - 45% - 60% - 0:34
2 - 55% - 40% - 0:42
Last Minute Offensive - 0:00
Last Minute Defensive - 1:15
Total
Forward - 60:00
Defense - 60:00
|
% Time on Ice - Lightning
Lines # - Real PCT - Wanted PCT - Time Play
Normal Forward
1 - 29% - 35% - 10:46
2 - 29% - 30% - 11:03
3 - 26% - 30% - 9:54
4 - 16% - 5% - 5:57
Normal Defense
1 - 37% - 35% - 13:47
2 - 39% - 35% - 14:34
3 - 25% - 20% - 9:14
4 - 0% - 10% - 0:05
PP Forward
1 - 55% - 60% - 5:05
2 - 45% - 40% - 4:07
PP Defense
1 - 61% - 60% - 5:39
2 - 39% - 40% - 3:33
PK Forward
1 - 70% - 60% - 7:27
2 - 30% - 40% - 3:11
PK Defense
1 - 61% - 60% - 6:27
2 - 39% - 40% - 4:11
PK3 Forward
1 - 0% - 60%
2 - 0% - 40%
PK3 Defense
1 - 0% - 60%
2 - 0% - 40%
44 Forward
1 - 72% - 60% - 0:55
2 - 28% - 40% - 0:21
44 Defense
1 - 62% - 60% - 0:47
2 - 38% - 40% - 0:29
Last Minute Offensive - 1:14
Last Minute Defensive - 0:00
Total
Forward - 60:00
Defense - 60:00
|
Play-by-Play
1st period
0:01 of 1st period - Tyler Johnson wins face-off versus Joe Thornton in neutral zone.
0:59 of 1st period - Minor Penalty to Tyler Cuma for Cross-checking.
1:00 of 1st period - Tyler Johnson wins face-off versus Joe Thornton in Lightning zone.
1:08 of 1st period - Wrist shot by Daniel Carcillo.
1:08 of 1st period - Stopped by Tuukka Rask with a rebound.
1:46 of 1st period - Slapshot by Justin Faulk.
1:46 of 1st period - Stopped by Jaroslav Halak with a rebound.
2:24 of 1st period - Slapshot by Ryan Suter.
2:24 of 1st period - Deflect By Justin Schultz.
2:24 of 1st period - Stopped by Jaroslav Halak without a rebound.
2:25 of 1st period - Ryan Getzlaf wins face-off versus Tyler Johnson in Lightning zone.
2:28 of 1st period - Wrist shot by Ryan Getzlaf.
2:28 of 1st period - Stopped by Jaroslav Halak without a rebound.
2:29 of 1st period - Tyler Johnson wins face-off versus Ryan Getzlaf in Lightning zone.
2:59 of 1st period - Penalty to Tyler Cuma is over, Tyler Cuma is back on ice.
3:11 of 1st period - Off-side.
3:12 of 1st period - Mikael Backlund wins face-off versus Mikko Koivu in neutral zone.
3:48 of 1st period - Off-side.
3:49 of 1st period - Joe Thornton wins face-off versus James Wright in neutral zone.
3:51 of 1st period - Minor Penalty to James Wright for Hooking.
3:52 of 1st period - Joe Thornton wins face-off versus Tyler Johnson in Lightning zone.
4:28 of 1st period - Slapshot by Brent Burns.
4:28 of 1st period - Shot Blocked by Jon Merrill.
4:34 of 1st period - Minor Penalty to Ondrej Palat for Roughing.
4:35 of 1st period - Joe Thornton wins face-off versus Tyler Johnson in Capitals zone.
4:35 of 1st period - Joe Thornton is hit by Jon Merrill.
5:30 of 1st period - Off-side.
5:31 of 1st period - Joe Pavelski wins face-off versus Tyler Toffoli in neutral zone.
5:34 of 1st period - Rasmus Ristolainen is hit by Thomas Vanek and loses puck.
5:51 of 1st period - Penalty to James Wright is over, James Wright is back on ice.
6:14 of 1st period - Off-side.
6:15 of 1st period - Tyler Johnson wins face-off versus Joe Pavelski in neutral zone.
6:34 of 1st period - Penalty to Ondrej Palat is over, Ondrej Palat is back on ice.
6:34 of 1st period - Snap shot by Gilbert Brule.
6:34 of 1st period - Shot Misses the Net.
6:36 of 1st period - Slapshot by Gilbert Brule.
6:36 of 1st period - Stopped by Tuukka Rask with a rebound.
6:54 of 1st period - Wrist shot by Mikko Koivu.
6:54 of 1st period - Shot Blocked by Andy Rogers.
7:15 of 1st period - Wrist shot by James Wright.
7:15 of 1st period - Shot Misses the Net.
8:09 of 1st period - Slapshot by Rasmus Ristolainen.
8:09 of 1st period - Stopped by Tuukka Rask without a rebound.
8:10 of 1st period - Nikita Kucherov wins face-off versus Mikko Koivu in Capitals zone.
8:15 of 1st period - Wrist shot by Tyler Johnson.
8:15 of 1st period - Stopped by Tuukka Rask with a rebound.
8:58 of 1st period - Snap shot by Tyler Cuma.
8:58 of 1st period - Shot Misses the Net.
9:15 of 1st period - Off-side.
9:16 of 1st period - Tyler Johnson wins face-off versus Jeff Skinner in neutral zone.
9:43 of 1st period - Snap shot by Tyler Johnson.
9:43 of 1st period - Stopped by Tuukka Rask with a rebound.
10:07 of 1st period - Wrist shot by Blake Wheeler.
10:07 of 1st period - Goal by Blake Wheeler - Capitals : 1 - Lightning : 0.
10:08 of 1st period - Joe Thornton wins face-off versus Gilbert Brule in neutral zone.
10:13 of 1st period - Snap shot by Jason Pominville.
10:13 of 1st period - Shot Blocked by Justin Schultz.
10:19 of 1st period - Slapshot by Daniel Carcillo.
10:19 of 1st period - Shot Misses the Net.
10:21 of 1st period - Slapshot by Tyler Cuma.
10:21 of 1st period - Stopped by Tuukka Rask without a rebound.
10:22 of 1st period - Joe Thornton wins face-off versus Gilbert Brule in Capitals zone.
10:31 of 1st period - Wrist shot by Jason Pominville.
10:31 of 1st period - Deflect By Joe Thornton.
10:31 of 1st period - Stopped by Jaroslav Halak without a rebound.
10:32 of 1st period - Gilbert Brule wins face-off versus Joe Thornton in Lightning zone.
11:28 of 1st period - Snap shot by Gilbert Brule.
11:28 of 1st period - Stopped by Tuukka Rask with a rebound.
11:34 of 1st period - Snap shot by Joe Thornton.
11:34 of 1st period - Stopped by Jaroslav Halak without a rebound.
11:35 of 1st period - Tyler Johnson wins face-off versus Ryan Getzlaf in Lightning zone.
11:48 of 1st period - Slapshot by Brent Seabrook.
11:48 of 1st period - Shot Blocked by Nikita Kucherov.
11:50 of 1st period - Slapshot by Brent Seabrook.
11:50 of 1st period - Stopped by Jaroslav Halak with a rebound.
12:29 of 1st period - Minor Penalty to Tyler Cuma for Goalie Interference.
12:30 of 1st period - Joe Thornton wins face-off versus Daniel Carcillo in Lightning zone.
12:53 of 1st period - Wrist shot by Ryan Getzlaf.
12:53 of 1st period - Stopped by Jaroslav Halak with a rebound.
12:55 of 1st period - Slapshot by Justin Faulk.
12:55 of 1st period - Shot Misses the Net.
13:15 of 1st period - Snap shot by James Wright.
13:15 of 1st period - Stopped by Tuukka Rask without a rebound.
13:16 of 1st period - Jason Pominville wins face-off versus Tyler Johnson in Capitals zone.
13:33 of 1st period - Snap shot by Ryan Getzlaf.
13:33 of 1st period - Shot Misses the Net.
13:35 of 1st period - Wrist shot by Joe Pavelski.
13:35 of 1st period - Shot Misses the Net.
13:55 of 1st period - Slapshot by Thomas Vanek.
13:55 of 1st period - Shot Misses the Net.
14:29 of 1st period - Penalty to Tyler Cuma is over, Tyler Cuma is back on ice.
15:02 of 1st period - Wrist shot by James Wright.
15:02 of 1st period - Shot Misses the Net.
15:30 of 1st period - Slapshot by Gilbert Brule.
15:30 of 1st period - Stopped by Tuukka Rask without a rebound.
15:31 of 1st period - Joe Thornton wins face-off versus Gilbert Brule in Capitals zone.
15:38 of 1st period - Backhand shot by Thomas Vanek.
15:38 of 1st period - Shot Misses the Net.
15:57 of 1st period - Tyler Johnson is hit by Joe Pavelski and loses puck.
16:55 of 1st period - Snap shot by Jeff Skinner.
16:55 of 1st period - Goal by Jeff Skinner - Capitals : 2 - Lightning : 0.
16:56 of 1st period - Joe Thornton wins face-off versus Nikita Kucherov in neutral zone.
17:41 of 1st period - Snap shot by Daniel Carcillo.
17:41 of 1st period - Stopped by Tuukka Rask with a rebound.
18:13 of 1st period - Snap shot by Joe Thornton.
18:13 of 1st period - Stopped by Jaroslav Halak without a rebound.
18:14 of 1st period - Tyler Johnson wins face-off versus Ryan Nugent-Hopkins in Lightning zone.
18:19 of 1st period - Snap shot by Nikita Kucherov.
18:19 of 1st period - Stopped by Tuukka Rask without a rebound.
18:20 of 1st period - Tyler Johnson wins face-off versus Joe Thornton in Capitals zone.
18:24 of 1st period - Minor Penalty to Justin Faulk for Interference.
18:25 of 1st period - Tyler Johnson wins face-off versus Joe Thornton in Capitals zone.
18:51 of 1st period - Brent Seabrook is hit by Gilbert Brule and loses puck.
19:22 of 1st period - Josh Manson is hit by Tyler Toffoli and loses puck.
Goals for this period are 2 for Capitals vs 0 for Lightning .
Shots for this period are 10 for Capitals vs 11 for Lightning .
2nd period
0:01 of 2nd period - Joe Thornton wins face-off versus Tyler Johnson in neutral zone.
0:24 of 2nd period - Penalty to Justin Faulk is over, Justin Faulk is back on ice.
0:36 of 2nd period - Snap shot by Tyler Johnson.
0:36 of 2nd period - Shot Blocked by Joe Thornton.
0:38 of 2nd period - Slapshot by Rasmus Ristolainen.
0:38 of 2nd period - Stopped by Tuukka Rask without a rebound.
0:39 of 2nd period - Gilbert Brule wins face-off versus Ryan Getzlaf in Capitals zone.
0:50 of 2nd period - Ryan Getzlaf is hit by Tyler Cuma and loses puck.
1:34 of 2nd period - Wrist shot by Mikael Backlund.
1:34 of 2nd period - Shot Misses the Net.
1:36 of 2nd period - Snap shot by Justin Schultz.
1:36 of 2nd period - Stopped by Tuukka Rask without a rebound.
1:37 of 2nd period - Tyler Johnson wins face-off versus Ryan Getzlaf in Capitals zone.
2:04 of 2nd period - Brent Seabrook is hit by Teuvo Teravainen.
2:32 of 2nd period - Slapshot by Thomas Vanek.
2:32 of 2nd period - Stopped by Jaroslav Halak with a rebound.
2:39 of 2nd period - Minor Penalty to Cameron Schilling for Roughing.
2:40 of 2nd period - Joe Thornton wins face-off versus Tyler Johnson in Lightning zone.
3:08 of 2nd period - Justin Faulk is hit by Tyler Johnson and loses puck.
4:39 of 2nd period - Penalty to Cameron Schilling is over, Cameron Schilling is back on ice.
4:43 of 2nd period - Patrick Kaleta is hit by Brian McGrattan and loses puck.
5:03 of 2nd period - Minor Penalty to Nick Leddy for Holding.
5:04 of 2nd period - Tyler Johnson wins face-off versus Joe Thornton in Capitals zone.
5:10 of 2nd period - Slapshot by Brent Burns.
5:10 of 2nd period - Stopped by Jaroslav Halak without a rebound.
5:11 of 2nd period - Tyler Johnson wins face-off versus Joe Thornton in Lightning zone.
5:18 of 2nd period - Slapshot by Jon Merrill.
5:18 of 2nd period - Stopped by Tuukka Rask without a rebound.
5:19 of 2nd period - Joe Thornton wins face-off versus Tyler Johnson in Capitals zone.
5:48 of 2nd period - Slapshot by Rasmus Ristolainen.
5:48 of 2nd period - Shot Misses the Net.
5:50 of 2nd period - Slapshot by Rasmus Ristolainen.
5:50 of 2nd period - Shot Misses the Net.
6:30 of 2nd period - Ryan Suter is hit by Justin Schultz.
7:03 of 2nd period - Penalty to Nick Leddy is over, Nick Leddy is back on ice.
7:40 of 2nd period - Andy Rogers is hit by Mikko Koivu and loses puck.
7:47 of 2nd period - Snap shot by Blake Wheeler.
7:47 of 2nd period - Stopped by Jaroslav Halak with a rebound.
7:49 of 2nd period - Slapshot by Brent Seabrook.
7:49 of 2nd period - Shot Misses the Net.
7:51 of 2nd period - Snap shot by Brent Burns.
7:51 of 2nd period - Stopped by Jaroslav Halak without a rebound.
7:52 of 2nd period - Ryan Nugent-Hopkins wins face-off versus Tyler Johnson in Lightning zone.
8:05 of 2nd period - Slapshot by Andy Rogers.
8:05 of 2nd period - Deflect By Nikita Kucherov.
8:05 of 2nd period - Stopped by Tuukka Rask with a rebound.
8:07 of 2nd period - Snap shot by Henrik Zetterberg.
8:07 of 2nd period - Deflect By Brian McGrattan.
8:07 of 2nd period - Shot Misses the Net.
8:07 of 2nd period - Puck is out of play.
8:08 of 2nd period - Gilbert Brule wins face-off versus Joe Thornton in Capitals zone.
8:19 of 2nd period - Snap shot by Joe Thornton.
8:19 of 2nd period - Stopped by Jaroslav Halak without a rebound.
8:20 of 2nd period - Tyler Johnson wins face-off versus Ryan Getzlaf in Lightning zone.
8:20 of 2nd period - Tyler Johnson is hit by Brent Seabrook.
8:32 of 2nd period - Backhand shot by Brent Burns.
8:32 of 2nd period - Deflect By Rasmus Ristolainen.
8:32 of 2nd period - Stopped by Jaroslav Halak without a rebound.
8:33 of 2nd period - Tyler Johnson wins face-off versus Joe Thornton in Lightning zone.
9:05 of 2nd period - Brent Burns is hit by Daniel Carcillo and loses puck.
9:24 of 2nd period - Ondrej Palat is hit by Teuvo Teravainen and loses puck.
10:03 of 2nd period - Minor Penalty to Joe Thornton for Roughing.
10:04 of 2nd period - Tyler Johnson wins face-off versus Mikko Koivu in Capitals zone.
10:34 of 2nd period - Snap shot by Tyler Toffoli.
10:34 of 2nd period - Shot Misses the Net.
10:36 of 2nd period - Snap shot by Teuvo Teravainen.
10:36 of 2nd period - Goal by Teuvo Teravainen - Capitals : 2 - Lightning : 1.
10:37 of 2nd period - Joe Thornton wins face-off versus Tyler Johnson in neutral zone.
10:44 of 2nd period - Minor Penalty to Joe Thornton for High sticking.
10:45 of 2nd period - Tyler Johnson wins face-off versus Mikko Koivu in Capitals zone.
10:57 of 2nd period - Brent Burns is hit by Nikita Kucherov and loses puck.
12:44 of 2nd period - Penalty to Joe Thornton is over, Joe Thornton is back on ice.
13:12 of 2nd period - Jason Pominville is hit by Andy Rogers and loses puck.
13:51 of 2nd period - Andy Rogers is hit by Ryan Getzlaf and loses puck.
14:12 of 2nd period - Joe Pavelski is hit by Daniel Carcillo and loses puck.
14:28 of 2nd period - Icing by Joe Thornton.
14:29 of 2nd period - Ryan Nugent-Hopkins wins face-off versus James Wright in Capitals zone.
14:52 of 2nd period - Wrist shot by Henrik Zetterberg.
14:52 of 2nd period - Stopped by Tuukka Rask without a rebound.
14:53 of 2nd period - Joe Thornton wins face-off versus Tyler Johnson in Capitals zone.
15:02 of 2nd period - Snap shot by Jason Pominville.
15:02 of 2nd period - Stopped by Jaroslav Halak with a rebound.
15:04 of 2nd period - Wrist shot by Jason Pominville.
15:04 of 2nd period - Stopped by Jaroslav Halak with a rebound.
15:06 of 2nd period - Slapshot by Nick Leddy.
15:06 of 2nd period - Shot Blocked by Tyler Cuma.
15:18 of 2nd period - Nikita Kucherov is hit by Mikko Koivu and loses puck.
15:43 of 2nd period - Snap shot by Henrik Zetterberg.
15:43 of 2nd period - Shot Blocked by Jeff Skinner.
15:45 of 2nd period - Slapshot by Justin Schultz.
15:45 of 2nd period - Shot Blocked by Justin Faulk.
15:47 of 2nd period - Slapshot by Tyler Cuma.
15:47 of 2nd period - Deflect By Nikita Kucherov.
15:47 of 2nd period - Stopped by Tuukka Rask without a rebound.
15:48 of 2nd period - Gilbert Brule wins face-off versus Joe Thornton in Capitals zone.
15:55 of 2nd period - Snap shot by Gilbert Brule.
15:55 of 2nd period - Stopped by Tuukka Rask with a rebound.
16:15 of 2nd period - Brent Seabrook is hit by James Wright.
16:29 of 2nd period - Ondrej Palat is hit by Rasmus Ristolainen and loses puck.
18:12 of 2nd period - Joe Thornton is hit by James Wright and loses puck.
18:35 of 2nd period - Snap shot by Gilbert Brule.
18:35 of 2nd period - Shot Blocked by Ryan Suter.
18:46 of 2nd period - Off-side.
18:47 of 2nd period - Ryan Getzlaf wins face-off versus Dany Heatley in neutral zone.
19:18 of 2nd period - Backhand shot by Rasmus Ristolainen.
19:18 of 2nd period - Shot Blocked by Brent Burns.
19:20 of 2nd period - Backhand shot by Gilbert Brule.
19:20 of 2nd period - Stopped by Tuukka Rask with a rebound.
19:30 of 2nd period - Minor Penalty to Brent Seabrook for Charging.
19:31 of 2nd period - Tyler Johnson wins face-off versus Joe Thornton in Capitals zone.
19:38 of 2nd period - Slapshot by Tyler Johnson.
19:38 of 2nd period - Shot Misses the Net.
Goals for this period are 0 for Capitals vs 1 for Lightning .
Shots for this period are 8 for Capitals vs 9 for Lightning .
3rd period
0:01 of 3rd period - Joe Thornton wins face-off versus Tyler Johnson in neutral zone.
0:16 of 3rd period - Slapshot by Henrik Zetterberg.
0:16 of 3rd period - Stopped by Tuukka Rask with a rebound.
1:02 of 3rd period - Icing by Nikita Kucherov.
1:03 of 3rd period - Tyler Johnson wins face-off versus Joe Thornton in Lightning zone.
1:30 of 3rd period - Penalty to Brent Seabrook is over, Brent Seabrook is back on ice.
2:09 of 3rd period - Slapshot by Rasmus Ristolainen.
2:09 of 3rd period - Shot Blocked by Ondrej Palat.
2:41 of 3rd period - Slapshot by James Wright.
2:41 of 3rd period - Stopped by Tuukka Rask without a rebound.
2:42 of 3rd period - Tyler Johnson wins face-off versus Ryan Nugent-Hopkins in Capitals zone.
2:49 of 3rd period - Wrist shot by Justin Faulk.
2:49 of 3rd period - Stopped by Jaroslav Halak without a rebound.
2:50 of 3rd period - Ryan Getzlaf wins face-off versus Tyler Johnson in Lightning zone.
2:55 of 3rd period - Wrist shot by Ryan Getzlaf.
2:55 of 3rd period - Shot Blocked by Justin Schultz.
2:57 of 3rd period - Snap shot by Joe Pavelski.
2:57 of 3rd period - Shot Misses the Net.
2:59 of 3rd period - Wrist shot by Ondrej Palat.
2:59 of 3rd period - Stopped by Jaroslav Halak with a rebound.
3:01 of 3rd period - Slapshot by Ryan Suter.
3:01 of 3rd period - Shot Blocked by Nikita Kucherov.
3:03 of 3rd period - Wrist shot by Joe Pavelski.
3:03 of 3rd period - Shot Blocked by Tyler Johnson.
3:05 of 3rd period - Snap shot by Ryan Getzlaf.
3:05 of 3rd period - Stopped by Jaroslav Halak with a rebound.
3:14 of 3rd period - Off-side.
3:15 of 3rd period - Gilbert Brule wins face-off versus Joe Thornton in neutral zone.
3:40 of 3rd period - Jon Merrill is hit by Ryan Getzlaf and loses puck.
4:45 of 3rd period - Blake Wheeler is hit by Daniel Carcillo and loses puck.
5:10 of 3rd period - Slapshot by Mikko Koivu.
5:10 of 3rd period - Shot Misses the Net.
5:19 of 3rd period - Minor Penalty to Daniel Carcillo for Tripping.
5:20 of 3rd period - Tyler Johnson wins face-off versus Joe Thornton in Lightning zone.
5:34 of 3rd period - Snap shot by Thomas Vanek.
5:34 of 3rd period - Shot Blocked by Jon Merrill.
5:36 of 3rd period - Snap shot by Jason Pominville.
5:36 of 3rd period - Stopped by Jaroslav Halak with a rebound.
7:19 of 3rd period - Penalty to Daniel Carcillo is over, Daniel Carcillo is back on ice.
7:26 of 3rd period - Jon Merrill is hit by Jeff Skinner and loses puck.
8:06 of 3rd period - Tyler Cuma is hit by Justin Faulk and loses puck.
8:21 of 3rd period - Dany Heatley is hit by Brent Burns and loses puck.
8:34 of 3rd period - Patrick Kaleta is hit by Brent Burns.
9:03 of 3rd period - Thomas Vanek is hit by Jack Skille.
9:15 of 3rd period - Icing by Brent Seabrook.
9:16 of 3rd period - Joe Thornton wins face-off versus James Wright in Capitals zone.
9:23 of 3rd period - Wrist shot by Joe Pavelski.
9:23 of 3rd period - Shot Misses the Net.
9:29 of 3rd period - Josh Manson is hit by Teuvo Teravainen and loses puck.
10:23 of 3rd period - Slapshot by Tyler Johnson.
10:23 of 3rd period - Shot Misses the Net.
10:28 of 3rd period - Off-side.
10:29 of 3rd period - Ryan Nugent-Hopkins wins face-off versus Gilbert Brule in neutral zone.
10:37 of 3rd period - Off-side.
10:38 of 3rd period - Gilbert Brule wins face-off versus Ryan Getzlaf in neutral zone.
10:42 of 3rd period - Tyler Cuma is hit by Joe Pavelski.
10:54 of 3rd period - Snap shot by Joe Pavelski.
10:54 of 3rd period - Stopped by Jaroslav Halak with a rebound.
12:18 of 3rd period - Minor Penalty to Patrick Kaleta for Tripping.
12:19 of 3rd period - Joe Thornton wins face-off versus Tyler Johnson in Lightning zone.
12:26 of 3rd period - Snap shot by Joe Thornton.
12:26 of 3rd period - Stopped by Jaroslav Halak without a rebound.
12:27 of 3rd period - Joe Thornton wins face-off versus Tyler Johnson in Lightning zone.
14:06 of 3rd period - Ryan Suter is hit by James Wright and loses puck.
14:18 of 3rd period - Penalty to Patrick Kaleta is over, Patrick Kaleta is back on ice.
14:19 of 3rd period - Brent Seabrook is hit by Gilbert Brule.
14:47 of 3rd period - Gilbert Brule is hit by Josh Manson and loses puck.
15:00 of 3rd period - Mikko Koivu is hit by Dany Heatley and loses puck.
17:08 of 3rd period - Brent Burns is hit by Justin Schultz and loses puck.
17:36 of 3rd period - Ryan Suter is hit by Mikael Backlund and loses puck.
18:55 of 3rd period - Slapshot by Thomas Vanek.
18:55 of 3rd period - Stopped by Jaroslav Halak with a rebound.
19:42 of 3rd period - Lightning , Jaroslav Halak is pulled from the net.
19:42 of 3rd period - Slapshot by Tyler Johnson.
19:42 of 3rd period - Shot Misses the Net.
19:44 of 3rd period - Slapshot by Andy Rogers.
19:44 of 3rd period - Deflect By Jason Pominville.
19:44 of 3rd period - Stopped by Tuukka Rask without a rebound.
19:45 of 3rd period - Mike Babcock call a timeout for Lightning .
19:45 of 3rd period - Ryan Nugent-Hopkins wins face-off versus Tyler Johnson in Capitals zone.
19:45 of 3rd period - Ryan Nugent-Hopkins is hit by Rasmus Ristolainen.
19:55 of 3rd period - Wrist shot by Jason Pominville.
19:55 of 3rd period - Shot Misses the Net.
19:57 of 3rd period - Snap shot by Ryan Nugent-Hopkins.
19:57 of 3rd period - Shot Misses the Net.
19:59 of 3rd period - Slapshot by Ryan Nugent-Hopkins.
19:59 of 3rd period - Shot Blocked by Henrik Zetterberg.
Goals for this period are 0 for Capitals vs 0 for Lightning .
Shots for this period are 7 for Capitals vs 3 for Lightning .
Back to the Top